 Dungeon Crawl Stone Soup version 0.18-a0-79-gb542d04 (webtiles) character file.

2416 axujen the Slicer (level 9, -4/43 HPs)
             Began as a Spriggan Chaos Knight on Nov 12, 2015.
             Slain by Erica
             ... wielding a +2 scimitar of flaming
              (9 damage)
             ... on level 8 of the Dungeon on Nov 14, 2015.
             The game lasted 00:32:41 (8712 turns).

axujen the Slicer (Spriggan Chaos Knight)           Turns: 8712, Time: 00:32:42

Health: -4/43      AC:  6    Str:  8    XL:     9   Next: 23%
Magic:  10/10      EV: 19    Int: 14    God:    Xom [.*....]
Gold:   419        SH:  0    Dex: 18    Spells: 0 memorised, 8 levels left

rFire  . . .     SeeInvis +     w - +0 short sword (chaos)
rCold  . . .     Clarity  .     b - +2 robe
rNeg   . . .     SustAt   +     (shield restricted)
rPois  .         Gourm    .     (helmet restricted)
rElec  .         Spirit   .     i - +1 cloak
rCorr  .         Warding  .     (gloves unavailable)
rMut   .         Stasis   .     (boots unavailable)
MR     +....                    (no amulet)
Stlth  ++++++....               (no ring)
                                l - ring of sustain attributes

@: very quick, somewhat resistant to hostile enchantments, very stealthy
A: unfitting armour, see invisible, herbivore 3, speed 3, slow metabolism 2
a: Renounce Religion


You were on level 8 of the Dungeon.
You worshipped Xom.
You were a plaything of Xom.
You were very hungry.

You visited 2 branches of the dungeon, and saw 9 of its levels.

You collected 419 gold pieces.

Inventory:

Hand Weapons
 q - a +0 blowgun
 w - a +0 short sword of chaos (weapon)
Missiles
 f - 224 stones (quivered)
 k - 48 poisoned needles
Armour
 b - a +2 robe (worn)
 i - a +1 cloak (worn)
Jewellery
 a - an uncursed ring of stealth {unknown}
 l - a ring of sustain attributes (left hand)
 p - an uncursed ring of invisibility {unknown}
 r - an uncursed ring of protection from magic {unknown}
 y - a +3 ring of intelligence {unknown}
Wands
 n - a wand of draining (4)
 u - a wand of frost (30)
 B - a wand of enslavement (15)
Scrolls
 v - a scroll of teleportation
 E - a scroll of amnesia
 F - 2 scrolls of enchant armour
Potions
 d - 2 potions of agility
 g - a potion of brilliance
 h - a potion of magic
 m - a potion of invisibility
 o - a potion of heal wounds
 s - 2 potions of might
 z - 3 potions of curing {unknown}
 C - a potion of resistance {unknown}
 D - a potion of haste {unknown}
Books
 A - an Akashic Record

   Spells                             Type                      Level
   a - Dispersal                      Translocation                6
   b - Malign Gateway                 Summoning/Translocation      7
   c - Disjunction                    Translocation                8
   d - Controlled Blink               Translocation                8
Comestibles
 c - 15 bread rations


   Skills:
 - Level 2.4 Fighting
 + Level 11.3 Short Blades
 - Level 3.5 Dodging
 - Level 11.0 Stealth


You had 8 spell levels left.
You didn't know any spells.

Dungeon Overview and Level Annotations

Branches:
Dungeon (8/15)             Temple (1/1) D:4            Lair (0/8) D:8

Altars:
Dithmenos
Fedhas
Gozag
Makhleb
Xom
Yredelemnul
Zin

Annotations:
D:2 Natasha, Sigmund
D:8 exclusion: killer bee, Erica


Innate Abilities, Weirdness & Mutations

You are tiny and cannot use many weapons and most armour.
You have supernaturally acute eyesight.
You are a herbivore.
You cover ground extremely quickly.
You need consume almost no food.


Message History

You hit Erica.
Erica is almost dead.
Erica hits you with a scimitar of flaming!
Erica burns you.
Unknown command.
You hit Erica.
Erica looks even sicker.
Erica is almost dead.
Unknown command.
You hit Erica but do no damage.
Erica is almost dead.
Erica closely misses you.
Unknown command.
You hit Erica.
Space bends around Erica.
Erica is almost dead.
Xom's attention turns to you for a moment.
You hear a whooshing sound.
Erica hits you with a scimitar of flaming!!
* * * LOW HITPOINT WARNING * * *
Erica burns you!
You die...

##....... #..
#....... #.. #..#####
#.. ##..# #..## #...#
#..### # ##...#
##...##
######....#### ###..#
.(...........#######
##.#
..>.(......)...@i..#
#.#
..........#######<.##
#.## ###...?...##
##..# #..# ##.......#
##.## #..# ##..###.#
#..## ###..# #.##
*#.# #...######....#
##.# #.#
##....†.......# ##..#
*#.. ##............
###...# *#.#
##.........##


You could see Erica (berserk).

Vanquished Creatures
  2 sky beasts
  A water moccasin (D:7)
  4 ogres
  2 phantoms
  An ice beast (D:7)
  An orc warrior (D:7)
  A centaur (D:8)
  5 giant frogs
  A scorpion (D:7)
  3 wights (D:7)
  6 crimson imps
  An orc priest (D:3)
  A giant frog zombie (D:6)
  A hound (D:7)
  2 orc wizards
  A centaur skeleton (D:4)
  3 iguanas
  3 worker ants
  A hound skeleton (D:7)
  A worker ant zombie (D:8)
  16 gnolls
  3 adders
  2 shadow imps
  An ooze (D:3)
  An adder zombie (D:5)
  2 adder skeletons
  3 worms
  7 giant geckos
  20 orcs
  A ball python (shapeshifter) (D:3)
  5 giant cockroaches
  9 goblins
  13 hobgoblins
  16 kobolds
  5 quokkas
  4 ball pythons
  13 bats
  3 giant newts
  8 rats
173 creatures vanquished.

Vanquished Creatures (collateral kills)
  An ooze (D:3)
  A hobgoblin (D:6)
2 creatures vanquished.

Vanquished Creatures (others)
  3 fungi (D:8)
3 creatures vanquished.

Grand Total: 178 creatures vanquished

Notes
Turn   | Place    | Note
--------------------------------------------------------------
     0 | D:1      | axujen the Spriggan Chaos Knight began the quest for the Orb.
     0 | D:1      | Reached XP level 1. HP: 11/11 MP: 2/2
    82 | D:1      | Reached skill level 1 in Stealth
   274 | D:1      | Reached XP level 2. HP: 14/16 MP: 3/3
   865 | D:2      | Noticed Natasha
   955 | D:2      | Reached skill level 4 in Stealth
  1108 | D:2      | Reached XP level 3. HP: 19/19 MP: 4/4
  1219 | D:2      | Reached skill level 5 in Stealth
  1483 | D:2      | Found a basalt altar of Yredelemnul.
  1489 | D:2      | XOM: harmless Ice miscast
  1517 | D:2      | Noticed Sigmund
  1549 | D:3      | XOM: potion effect (might)
  1550 | D:3      | XOM: potion effect (berserk rage)
  1862 | D:3      | Reached XP level 4. HP: 23/23 MP: 5/5
  1876 | D:3      | Reached skill level 6 in Stealth
  1904 | D:3      | XOM: mild Chrm miscast
  1907 | D:3      | XOM: colour smoke trail
  1908 | D:3      | XOM: vitrification
  1976 | D:3      | XOM: vitrification
  2150 | D:3      | Reached skill level 7 in Stealth
  2169 | D:3      | Reached XP level 5. HP: 15/27 MP: 6/6
  2405 | D:3      | XOM: polymorph orc -> river rat
  2418 | D:3      | Reached skill level 8 in Stealth
  2779 | D:3      | Noticed a phantom
  2781 | D:3      | XOM: summons friendly ynoxinul
  2795 | D:3      | Killed a phantom
  2795 | D:3      | Reached skill level 9 in Stealth
  2795 | D:3      | Reached XP level 6. HP: 27/32 MP: 7/7
  2886 | D:4      | Found a staircase to the Ecumenical Temple.
  2892 | Temple   | Entered the Ecumenical Temple
  2956 | D:4      | Found a glowing silver altar of Zin.
  3063 | D:4      | Found an opulent altar of Gozag.
  3067 | D:4      | Found a blossoming altar of Fedhas.
  3067 | D:4      | Found a shadowy altar of Dithmenos.
  3076 | D:4      | Found a burning altar of Makhleb.
  3079 | D:4      | Found a shimmering altar of Xom.
  3113 | D:4      | XOM: god gift: fluorescent wand {god gift}
  3483 | D:4      | XOM: god gift: scroll of teleportation
  3738 | D:5      | Entered Level 5 of the Dungeon
  3946 | D:5      | XOM: 2-stop teleportation journey
  3975 | D:5      | Reached skill level 10 in Stealth
  4034 | D:5      | XOM: polymorph ice beast -> worm
  4472 | D:6      | XOM: butterfly on damage
  4481 | D:6      | Reached skill level 11 in Stealth
  4699 | D:6      | Reached XP level 7. HP: 18/35 MP: 8/8
  4809 | D:6      | XOM: summons 7 friendly demons
  5245 | D:6      | XOM: harmless Pois miscast
  5334 | D:6      | XOM: divination: magic mapping
  5661 | D:6      | Reached skill level 5 in Short Blades
  5756 | D:6      | XOM: mild Hex miscast
  5914 | D:6      | XOM: god gift: long sword {god gift}
  5968 | D:6      | XOM: medium Trmt miscast
  6127 | D:7      | XOM: medium Tloc miscast
  6249 | D:7      | Reached XP level 8. HP: 39/39 MP: 9/9
  6261 | D:7      | XOM: potion effect (brilliance)
  6285 | D:7      | XOM: colour smoke trail
  6374 | D:7      | XOM: enchant monster (bad)
  6486 | D:7      | XOM: harmless Necr miscast
  7168 | D:7      | Reached skill level 10 in Short Blades
  7228 | D:7      | XOM: mild Hex miscast
  7384 | D:7      | XOM: confusion
  7386 | D:7      | XOM: divination: detect creatures
  7410 | D:7      | XOM: fog
  7575 | D:7      | XOM: summons friendly crimson imp
  7641 | D:7      | XOM: vitrification
  7745 | D:8      | XOM: god gift: 6 bread rations
  7754 | D:8      | XOM: confuse monster(s)
  7829 | D:8      | Found a staircase to the Lair.
  7887 | D:8      | Reached XP level 9. HP: 43/43 MP: 10/10
  7921 | D:8      | Noticed Erica
  8086 | D:7      | XOM: confusion (+ monsters)
  8198 | D:7      | XOM: mild Erth miscast
  8428 | D:7      | XOM: divination: detect creatures
  8576 | D:8      | XOM: harmless Pois miscast
  8583 | D:8      | XOM: silly message
  8687 | D:8      | XOM: divination: magic mapping
  8690 | D:8      | XOM: mild Erth miscast
  8697 | D:8      | XOM: harmless Tloc miscast
  8712 | D:8      | XOM: harmless Air miscast
  8712 | D:8      | Slain by Erica

Vault maps used:
D:1:      eino_arrival_water_cross
D:2:      yredelemnul_altar_generic, serial_bayou_pond_a, uniq_sigmund,
          uniq_natasha
D:3:      kennysheep_crisscross, kennysheep_boxes
D:4:      lemuel_doored_altar, minmay_overflow_temple_star_hex,
          minmay_temple_entry_nine_rooms
D:5:      first_bread, minmay_crystal_room
D:6:      corexii_shantytown
D:8:      dpeg_oklobed_lair, uniq_erica
Temple:   eino_temple_water_12

Action                   |  1- 3 |  4- 6 |  7- 9 || total
-------------------------+-------+-------+-------++-------
Melee: Short sword       |   141 |   207 |   390 ||   738
Throw: Stone             |       |       |     1 ||     1
  Use: Scroll            |       |    13 |     4 ||    17
 Stab: Sleeping          |    10 |    12 |    21 ||    43
       Paralysed         |       |     2 |     2 ||     4
       Petrifying        |       |     4 |     3 ||     7
       Confused          |       |     1 |     5 ||     6
       Petrified         |       |     1 |       ||     1
       Distracted        |       |       |     5 ||     5
  Eat: Fruit             |       |     1 |     3 ||     4
       Pizza             |       |       |     1 ||     1
